 Dungeon Crawl Stone Soup version 0.31-a0-851-g7ff8af7976 (webtiles) character file.

Game seed: 9123853308539194563

78433 Nattfarinn the Tortoise (level 16, 0/175 HPs)
             Began as a Formicid Hunter on Oct 5, 2023.
             Was a High Priest of Hepliaklqana.
             Succumbed to a wolf spider's poison
             ... on level 1 of the Spider Nest.
             The game lasted 00:41:14 (17985 turns).

Nattfarinn the Tortoise (Formicid Hunter)          Turns: 17985, Time: 00:41:15

Health: 0/175      AC: 28    Str: 17    XL:     16   Next: 8%
Magic:  1/16       EV:  2    Int: 10    God:    Hepliaklqana [*****.]
Gold:   707        SH:  7    Dex: 23    Spells: 15/15 levels left

rFire   . . .        f - +5 sling (elec)
rCold   . . .        F - +0 buckler
rNeg    . . .        M - melded +7 plate armour of Failure {Will+ Str+4 Dex-3}
rPois   +            (helmet unavailable)
rElec   .            I - melded +2 cloak
rCorr   .            Y - melded +2 pair of gloves
SInv    .            L - melded +2 pair of slick slippers {slick, slippery, EV+4}
Will    +....        t - amulet of guardian spirit
Stlth   ++           i - +4 ring of slaying
HPRegen 0.49/turn    v - +4 ring of slaying
MPRegen 0.15/turn

%: guardian spirit
@: lethally poisoned (0 -> -23), tree-form
A: stationary, stasis, torment immunity, boosted hp, reduced essence, permanent
stasis, dig shafts and tunnels, (antennae 3), four strong arms
a: Renounce Religion, Recall Ancestor, Ancestor Identity, Transference, Idealise


You were on level 1 of the Spider Nest.
You worshipped Hepliaklqana.
Hepliaklqana was extremely pleased with you.
You were a tree.
You visited 4 branches of the dungeon, and saw 19 of its levels.
You also visited: Bailey.

You collected 1795 gold pieces.
You spent 1088 gold pieces at shops.

Inventory:

Hand Weapons
 a - a +0 arbalest
 f - a +5 sling of electrocution (weapon)
 U - the +7 dagger of the Assorted Songs {freeze, rElec}
   (You found it on level 3 of the Lair of Beasts)

   rElec:     It insulates you from electricity.
Missiles
 n - 2 throwing nets
Armour
 y - the +1 scale mail "Xaenoext" {rElec}
   (You found it in a bailey)

   rElec:     It insulates you from electricity.
 A - the +0 pair of gloves of the Land of Plenty {Int+3}
   (You bought it in a shop on level 6 of the Dungeon)

   Int+3:     It affects your intelligence (+3).
 F - a +0 buckler (worn)
 G - a +0 kite shield
 I - a +2 cloak (melded)
 L - the +2 pair of slick slippers (melded) {slick, slippery, EV+4}
   (You bought it in a shop on level 6 of the Dungeon)

   Slick:     Its wearer cannot be constricted, engulfed, netted or webbed.
   Slippery:  Its wearer slips away from damaging melee attacks, pulling the
   attacker onward.
   EV+4:      It affects your evasion (+4).
 M - the +7 plate armour of Failure (melded) {Will+ Str+4 Dex-3}
   (You found it in a bailey)

   Str+4:     It affects your strength (+4).
   Dex-3:     It affects your dexterity (-3).
   Will+:     It increases your willpower.
 Y - a +2 pair of gloves (melded)
Jewellery
 c - a +6 ring of dexterity
 i - a +4 ring of slaying (left branch)
 j - a ring of resist corrosion
 t - an amulet of guardian spirit (around neck)
 v - a +4 ring of slaying (right branch)
 J - a +5 ring of evasion
 O - a ring of magical power
 W - a ring of protection from cold
 Z - a ring of poison resistance
Wands
 s - a wand of digging (7)
 u - a wand of flame (36)
 x - a wand of mindburst (30)
 D - a wand of acid (7)
 E - a wand of roots (13)
 Q - a wand of charming (10)
Scrolls
 b - 3 scrolls of butterflies
 m - 4 scrolls of revelation
 p - 3 scrolls of poison
 q - 5 scrolls of vulnerability
 r - a scroll of torment
 R - a scroll of amnesia
 X - 2 scrolls of fog
Potions
 d - 5 potions of haste
 e - a potion of berserk rage {unknown}
 g - 15 potions of curing
 h - 3 potions of mutation
 k - 3 potions of resistance
 l - 2 potions of enlightenment
 o - a potion of cancellation
 w - 5 potions of degeneration
 z - a potion of attraction {unknown}
 B - a potion of magic
 C - a potion of brilliance {unknown}
 H - 3 potions of might
 K - a potion of experience {unknown}
 N - 5 potions of ambrosia
 V - 2 potions of lignification


   Skills:
 - Level 13.3 Fighting
 - Level 17.4 Ranged Weapons
 - Level 17.7 Armour
 - Level 1.7 Dodging
 - Level 1.2 Stealth
 * Level 9.3 Shields
 + Level 1.1 Invocations


You had 15 spell levels left.
You didn't know any spells.
Your spell library contained the following spells:

 Spells                   Type           Power      Damage    Failure   Level
 Magic Dart               Conj           0%         1d3       41%         1
 Summon Small Mammal      Summ           0%         N/A       41%         1
 Call Imp                 Summ           0%         N/A       56%         2
 Poisonous Vapours        Pois/Air       0%         N/A       56%         2
 Static Discharge         Conj/Air       0%         2-2/arc   56%         2
 Call Canine Familiar     Summ           0%         N/A       80%         3
 Dazzling Flash           Conj/Hex       0%         N/A       80%         3
 Ignite Poison            Fire/Tmut/Pois 0%         N/A       80%         3
 Mephitic Cloud           Conj/Pois/Air  0%         N/A       80%         3
 Summon Guardian Golem    Hex/Summ       0%         N/A       80%         3
 Airstrike                Air            0%         2d(0-16)  99%         4
 Sticky Flame             Conj/Fire      0%         2d3       99%         4
 Summon Lightning Spire   Summ/Air       0%         N/A       99%         4
 Agony                    Necr           0%         N/A       100%        5
 Alistair's Intoxication  Tmut/Pois      0%         N/A       100%        5
 Arcjolt                  Conj/Air       0%         1d10      100%        5
 Borgnjor's Vile Clutch   Necr/Erth      0%         N/A       100%        5
 Freezing Cloud           Conj/Ice/Air   0%         6-21      100%        5
 Silence                  Hex/Air        0%         N/A       100%        5
 Summon Forest            Summ/Tloc      0%         N/A       100%        5
 Summon Mana Viper        Hex/Summ       0%         N/A       100%        5
 Eringya's Noxious Bog    Tmut/Pois      0%         4d6       100%        6
 Plasma Beam              Fire/Air       0%         2x1d10    100%        6
 Summon Cactus Giant      Summ           0%         N/A       100%        6
 Ignition                 Fire           0%         3d3       100%        8
 Vhi's Electric Charge    Tloc/Air       Unusable   N/A       N/A         4

Dungeon Overview and Level Annotations

Branches:
Dungeon (11/15)            Temple (0/1) D:6            Lair (5/5) D:9
  Swamp (0/4) Lair:3       Spider (1/4) Lair:3        Slime (0/5) Lair:4
    Orc (2/2) D:11            Elf (0/3) Orc:2        Bailey (visited)

Altars:
Fedhas
Gozag
Hepliaklqana
Makhleb
Nemelex Xobeh
Ru
Vehumet
Zin
Jiyva

Shops:
D:2 [   D:6 [   Orc:2 **!=

Annotations:
D:4 3 runed translucent doors, niknal's ghost, amateur TeWr; pornopis's ghost, novice BaHu


Innate Abilities, Weirdness & Mutations

You are a tree.
Your roots penetrate the ground, keeping you stationary.
You cannot be teleported.
You are immune to unholy pain and torment.
Your maximum health is greatly increased.
Your equipment is partially melded.
Your life essence is reduced to manifest your ancestor. (-10% HP)
You cannot be hasted, slowed, berserked, paralysed or teleported.
You can dig through walls and to a lower floor.
((You have a pair of large antennae on your head. (SInv)))
Your four strong arms can wield two-handed weapons with a shield.


Message History

The jumping spider bites you.
* * * LOW HITPOINT WARNING * * *
You struggle to detach yourself from the web.
The jumping spider disappears in a puff of smoke!
The broodmother bites you!!
* * * LOW HITPOINT WARNING * * *
The wolf spider hits you but does no damage.
The wolf spider bites you but does no damage.
The jumping spider leaps!
You struggle to detach yourself from the web.
The wolf spider hits you but does no damage.
The wolf spider bites you but does no damage.
The jumping spider leaps!
The broodmother bites you but does no damage.
The wolf spider hits you but does no damage.
The wolf spider bites you.
* * * LOW HITPOINT WARNING * * *
You are lethally poisoned!
The wolf spider poisons you!
The jumping spider leaps!
The broodmother bites you but does no damage.
The web tears apart.
* * * LOW HITPOINT WARNING * * *
You feel extremely sick.
The wolf spider hits you but does no damage.
The wolf spider bites you but does no damage.
The broodmother summons spiders!
You shoot a sling bullet. The sling bullet hits the broodmother!!
Lightning courses through the broodmother!
The broodmother is severely wounded.
* * * LOW HITPOINT WARNING * * *
You feel very sick.
The wolf spider disappears in a puff of smoke!
The wolf spider hits you.
* * * LOW HITPOINT WARNING * * *
The wolf spider bites you but does no damage.
The redback bites you but does no damage.
The broodmother bites you but does no damage.
You shoot a sling bullet. The sling bullet hits the broodmother.
The broodmother is severely wounded.
You die...

###### ##....#
##....^# ###.....>##
#...§...s.#
#..§s§§ss##
#..§§§§.ss##
#.†§s§§§#ss#
#.^§§§§###♣##
######## ##s#
######.##
######{......##
#.............###
#...............##
.................##
..............?...#
....................


You could see a broodmother, 2 wolf spiders, an orb spider (summoned), a jumping
spider, a tarantella (summoned) and 2 redbacks.

Vanquished Creatures
  An orc warlord (Orc:2)
  An entropy weaver (Spider:1)
  4 hydras
  A boulder beetle (Lair:5)
  2 two-headed ogres
  10 death yaks
  3 orc high priests (Orc:2)
  Urug (Orc:2)
  2 skysharks
  An orb spider (Spider:1)
  A bog body (Lair:3)
  Pikel (D:6)
  An orc knight (Orc:2)
  A cyclops (D:11)
  2 deep elf zephyrmancers (Orc:1)
  17 elephants
  5 black mambas
  12 cane toads
  A gargoyle (Bailey)
  18 komodo dragons
  A torpor snail (Lair:1)
  2 rime drakes
  A queen bee (D:10)
  5 trolls
  7 polar bears
  12 blink frogs
  3 dream sheep (Lair:5)
  2 hornets (Lair:5)
  10 spriggans (Lair:5)
  Sigmund (D:6)
  3 wraiths
  A vampire (Bailey)
  3 basilisks
  2 wyverns
  31 yaks
  2 steam dragons
  3 vampire mosquitoes (D:10)
  2 redbacks
  6 water moccasins
  21 orc warriors
  2 ice beasts
  3 black bears
  4 boggarts (Lair:5)
  6 ogres
  A sky beast (D:6)
  33 wolves
  A centaur (D:9)
  A lemure (D:6)
  4 kobold brigands
  13 bullfrogs
  2 scorpions
  14 wights
  23 killer bees
  8 vampire bats (Bailey)
  2 howler monkeys (D:8)
  7 wolf zombies (Bailey)
  3 electric eels
  A crimson imp (Orc:1)
  A jelly (D:5)
  25 orc priests
  3 hounds
  13 iguanas
  An iron imp (Orc:1)
  A sleepcap (D:6)
  Terence (D:3)
  22 orc wizards
  6 hell rats (Lair:3)
  4 gnolls (D:5)
  13 adders
  2 shadow imps
  4 white imps
  4 ufetubi
  2 worms
  4 dart slugs (D:2)
  61 orcs
  4 endoplasms
  5 giant cockroaches
  10 goblins
  5 hobgoblins
  4 jackals
  6 quokkas
  2 ball pythons (D:2)
  4 bats
  19 frilled lizards
  26 kobolds
  20 orc zombies (Bailey)
  4 rats
607 creatures vanquished.

Vanquished Creatures (collateral kills)
  Harold (D:10)
  2 hydras
  2 death yaks
  2 orc high priests (Orc:2)
  A skyshark (Lair:2)
  3 orc sorcerers
  A cyclops (D:11)
  A manticore (D:11)
  7 elephants
  4 cane toads
  4 komodo dragons
  A polar bear (Lair:2)
  A hornet (Lair:5)
  4 blink frogs (Lair:5)
  3 spriggans (Lair:5)
  A wyvern (Lair:5)
  8 yaks
  A steam dragon (D:7)
  A warg (Orc:1)
  4 water moccasins
  A swamp drake (Orc:1)
  6 orc warriors
  A sky beast (D:7)
  2 black bears (Lair:5)
  A boggart (Lair:5)
  4 wolves
  A kobold brigand (D:7)
  4 bullfrogs
  2 wights
  A killer bee (D:10)
  3 wolf zombies (Bailey)
  4 orc priests
  A hell rat (Lair:3)
  3 iguanas (Lair:1)
  7 orc wizards
  4 orc zombies (Bailey)
  19 orcs
  2 kobolds (D:7)
  A frilled lizard (Lair:1)
119 creatures vanquished.

Vanquished Creatures (others)
  12 knights
  An ancestor (D:6)
13 creatures vanquished.

Grand Total: 739 creatures vanquished

Notes
Turn   | Place    | Note
-------+----------+-------------------------------------------
     0 | D:1      | Nattfarinn the Formicid Hunter began the quest for the Orb.
     0 | D:1      | Reached XP level 1. HP: 16/16 MP: 1/1
   218 | D:1      | Reached XP level 2. HP: 23/23 MP: 2/2
   601 | D:2      | Found Hooptecy's Antique Armour Boutique.
   623 | D:2      | Found a faded altar of an unknown god.
   667 | D:2      | Reached XP level 3. HP: 27/28 MP: 3/3
   831 | D:2      | Reached skill level 5 in Ranged Weapons
   831 | D:2      | Reached XP level 4. HP: 35/35 MP: 4/4
  1063 | D:3      | Reached XP level 5. HP: 41/41 MP: 5/5
  1312 | D:3      | Noticed Terence
  1315 | D:3      | Killed Terence
  1615 | D:3      | Found a burning altar of Makhleb.
  1817 | D:3      | Reached XP level 6. HP: 48/48 MP: 6/6
  1912 | D:4      | Found a runed translucent gate.
  1912 | D:4      | Found a runed translucent gate.
  1913 | D:4      | Found a runed translucent gate.
  2398 | D:4      | Noticed niknal's ghost (amateur TeWr)
  2398 | D:4      | Noticed pornopis's ghost (novice BaHu)
  2418 | D:5      | Entered Level 5 of the Dungeon
  2677 | D:5      | Found a glowing silver altar of Zin.
  2677 | D:5      | Found a hazy altar of Hepliaklqana.
  2678 | D:5      | Found an opulent altar of Gozag.
  2680 | D:5      | Reached XP level 7. HP: 55/55 MP: 7/7
  2686 | D:5      | Became a worshipper of Hepliaklqana the Forgotten
  3028 | D:5      | Reached skill level 5 in Fighting
  3256 | D:5      | Reached * piety under Hepliaklqana
  3290 | D:6      | Noticed a water moccasin
  3292 | D:6      | Noticed Pikel
  3648 | D:6      | Noticed Sigmund
  3650 | D:6      | Killed Sigmund
  3651 | D:6      | Reached XP level 8. HP: 57/57 MP: 8/8
  3675 | D:6      | Killed Pikel
  3852 | D:6      | Reached XP level 9. HP: 64/64 MP: 9/9
  3926 | D:6      | Found a staircase to the Ecumenical Temple.
  3954 | D:6      | Reached skill level 10 in Ranged Weapons
  4026 | D:6      | Found Cod Wexkyots's Antique Armour Boutique.
  4029 | D:6      | Bought a pair of jewelled gloves for 199 gold pieces
  4029 | D:6      | Identified the +0 pair of gloves of the Land of Plenty
                  | {Int+3} (You bought it in a shop on level 6 of the Dungeon)
  4345 | D:6      | Reached ** piety under Hepliaklqana
  4346 | D:6      | Remembered your ancestor Rabi as a knight
  4859 | D:7      | Reached XP level 10. HP: 73/73 MP: 10/10
  5304 | D:8      | Reached *** piety under Hepliaklqana
  5355 | D:8      | Found a sacrificial altar of Ru.
  5751 | D:8      | Found a blossoming altar of Fedhas.
  5943 | D:9      | Found a staircase to the Lair.
  6133 | D:9      | Reached skill level 1 in Shields
  6196 | D:9      | Noticed a two-headed ogre
  6204 | D:9      | Killed a two-headed ogre
  6371 | D:9      | Found a sparkling altar of Nemelex Xobeh.
  7115 | D:10     | Entered Level 10 of the Dungeon
  7152 | D:10     | Noticed Harold
  7166 | D:10     | Killed Harold
  7167 | D:10     | Reached XP level 11. HP: 69/80 MP: 8/11
  7175 | D:10     | Found a flagged portal.
  7184 | Bailey   | Entered a bailey
  7284 | Bailey   | Reached skill level 5 in Shields
  7398 | Bailey   | Identified the +1 scale mail "Xaenoext" {rElec}
  7570 | Bailey   | Identified the +7 plate armour of Failure {Will+ Str+4
                  | Dex-3}
  7666 | D:10     | Reached **** piety under Hepliaklqana
  8089 | D:10     | Noticed a two-headed ogre
  8094 | D:10     | Killed a two-headed ogre
  8668 | D:11     | Reached skill level 15 in Ranged Weapons
  8766 | D:11     | Noticed a manticore
  8776 | D:11     | Reached XP level 12. HP: 86/86 MP: 12/12
  8782 | D:11     | Found a radiant altar of Vehumet.
  8799 | D:11     | HP: 3/86 [cyclops/large rock (17)]
  8922 | D:11     | Reached skill level 1 in Armour
  9070 | D:11     | Found a staircase to the Orcish Mines.
  9295 | Lair:1   | Entered Level 1 of the Lair of Beasts
  9358 | Lair:1   | Reached skill level 5 in Armour
  9888 | Lair:1   | Reached XP level 13. HP: 66/90 MP: 9/13
 10039 | Lair:1   | Reached skill level 10 in Armour
 10364 | Lair:2   | Noticed an eight-headed hydra
 10374 | Lair:2   | Killed an eight-headed hydra
 11024 | Lair:2   | Reached ***** piety under Hepliaklqana
 11273 | Lair:3   | Identified the +7 dagger of the Assorted Songs {freeze,
                  | rElec}
 11779 | Lair:3   | Found a staircase to the Swamp.
 11872 | Lair:3   | Found a hole to the Spider Nest.
 12177 | Lair:4   | Noticed a six-headed hydra
 12182 | Lair:4   | Killed a six-headed hydra
 12329 | Lair:4   | Reached XP level 14. HP: 74/97 MP: 14/14
 12427 | Lair:4   | Reached skill level 15 in Armour
 12970 | Lair:4   | Found a viscous altar of Jiyva.
 12970 | Lair:4   | Found a staircase to the Slime Pits.
 13403 | Lair:5   | Entered Level 5 of the Lair of Beasts
 14203 | Lair:5   | Reached XP level 15. HP: 102/102 MP: 15/15
 14593 | Lair:5   | Reached skill level 10 in Fighting
 15450 | Orc:1    | Entered Level 1 of the Orcish Mines
 15691 | Orc:1    | Found a radiant altar of Vehumet.
 16062 | Orc:2    | Entered Level 2 of the Orcish Mines
 16075 | Orc:2    | Noticed an orc warlord
 16094 | Orc:2    | Killed an orc warlord
 16588 | Orc:2    | Noticed Urug
 16595 | Orc:2    | Killed Urug
 16735 | Orc:2    | Reached XP level 16. HP: 103/117 MP: 14/16
 16876 | Orc:2    | Found Nidiok's Jewellery Shop.
 16876 | Orc:2    | Found Pediof's General Store.
 16877 | Orc:2    | Found Wiuredei's Assorted Antiques.
 16895 | Orc:2    | Found Ruckaseck's Distillery.
 16939 | Orc:2    | Found a staircase to the Elven Halls.
 17099 | Orc:2    | Reached ****** piety under Hepliaklqana
 17617 | D:2      | Bought a cloak for 85 gold pieces
 17709 | D:6      | Bought the +2 pair of slick slippers {slick, slippery,
                  | EV+4} for 804 gold pieces
 17709 | D:6      | Found the +2 pair of slick slippers {slick, slippery, EV+4}
 17886 | Spider:1 | Entered Level 1 of the Spider Nest
 17932 | Spider:1 | Reached skill level 1 in Invocations
 17984 | Spider:1 | HP: 4/175 [wolf spider[a broodmother] (5)]
 17985 | Spider:1 | Succumbed to a wolf spider's poison

Illustrated notes

Levels and vault maps discovered:
D:1:      noname_arrival_rooms_in_the_neighbourhood, layout_loops_ring
D:2:      cheibrodos_helix_gallery, layout_rooms, serial_shops, shop,
          chequers_ecumenical_altar_simple, minmay_cupped
D:3:      layout_basic, bloody_makhleb, uniq_terence
D:4:      layout_rooms, gammafunk_ghost_cemetery,
          hangedman_abyss_or_decor_lesser_grid
D:5:      layout_basic, gammafunk_temple_overflow_claw
D:6:      layout_layer_cave, temple_pool_b, serial_shops,
          nicolae_shop_behind_doors, minmay_lizard_king, uniq_sigmund,
          uniq_pikel
D:7:      layout_cave_pools, chequers_serial_rivers_micro_e,
          nicolae_figureground_sparkle
D:8:      layout_rooms, fedhas_altar_fruit_tree, nicolae_ru_sacrificial_ziggurat
D:9:      layout_grid_maze, nemelex_diamond_rough_becter, lair_entry_dummy
D:10:     layout_long_grid, special_room [special_room_bee], enter_bailey_8,
          uniq_harold
D:11:     layout_roguey, hiddenorc1_lemuel, serial_ice, serial_ice_g,
          serial_ice_o, serial_ice_d, serial_ice_h, nicolae_vehumet_radiance
Lair:1:   lemuel_reptile_caves, layout_misc_corridors,
          infiniplex_staircase_pool_2
Lair:2:   layout_cave_pods, st_stairs_6
Lair:3:   layout_loops_ring, skrybe_swamp_entry_bodies, spider_nest_entry_webs,
          grunt_megastairs_3
Lair:4:   layout_roguey, slime_entry_1, chequers_serial_rivers_micro_d,
          pdpol_lair_neglected_garden, chequers_serial_rivers_small_3,
          beast_lair_carwin_11
Lair:5:   minmay_lair_end_enchanted_forest, layout_gridlike,
          eino_small_chamber_without_monster, serial_bayou_lagoon_b
Spider:1: layout_cave_pods, drop_trap, uniq_josephine
Orc:1:    layout_caves, basic_altar, hangedman_minor_magic
Orc:2:    st_orc_mages, layout_diamond_mine, nicolae_orc_bridge_out, uniq_urug

Skill      XL: |  1  2  3  4  5  6  7  8  9 10 11 12 13 14 15 16 |
---------------+-------------------------------------------------+-----
Fighting       | 3 4 5 7 8 9 13 | 13.3
Ranged Weapons | 5 6 8 9 11 13 15 16 17 | 17.4
Shields        | 4 8 9 |  9.3
Armour         | 9 14 17 | 17.7
Invocations    | 1 |  1.1
Dodging        | |  1.7
Stealth        | |  1.2

Action                     |  1- 3 |  4- 6 |  7- 9 | 10-12 | 13-15 | 16-18 || total
---------------------------+-------+-------+-------+-------+-------+-------++-------
  Melee: Sling             |       |       |     2 |       |       |       ||     2
   Fire: Shortbow          |    24 |       |       |       |       |       ||    24
         Sling             |    36 |    93 |   149 |   574 |  1053 |    64 ||  1969
 Invoke: Ancestor Life: Kn |       |       |     1 |       |       |       ||     1
         Recall Ancestor   |       |       |       |       |     2 |       ||     2
  Evoke: Wand              |       |       |       |       |     1 |       ||     1
    Use: Scroll            |       |       |       |    22 |     5 |     6 ||    33
         Potion            |       |       |       |     2 |     2 |     1 ||     5
 Armour: Leather armour    |     3 |    16 |    20 |     5 |       |       ||    44
         Steam dragon scal |       |       |       |    84 |     9 |       ||    93
         Plate armour      |       |       |       |       |   406 |    41 ||   447
         Skin              |       |       |       |       |       |    37 ||    37
  Dodge: Dodged            |     5 |    11 |    11 |    84 |   141 |    29 ||   281
  Block: Buckler           |       |       |       |    53 |   129 |    18 ||   200

Table legend: (Time is in decaauts)
 A = Elapsed time spent in this place.
 B = Non-inter-level travel time spent in this place.
 C = Inter-level travel time spent in this place.
 D = Time resting spent in this place.
 E = Time spent auto-exploring this place.
 F = Levels seen in this place.
 G = Mean time per level.
                   A        B        C        D        E       F      G
               +--------+--------+--------+--------+--------+-----+--------+
         Total |  17970 |  16624 |   1346 |    638 |  12811 |  20 |  898.5 |
       Dungeon |   9430 |   8383 |   1047 |    177 |   6998 |  11 |  857.3 |
          Lair |   6099 |   5841 |    258 |    265 |   4234 |   5 | 1219.8 |
   Spider Nest |     92 |     92 |      0 |      0 |     35 |   1 |   92.0 |
  Orcish Mines |   1947 |   1907 |     40 |    196 |   1328 |   2 |  973.5 |
        Bailey |    400 |    400 |      0 |      0 |    215 |   1 |  400.0 |
               +--------+--------+--------+--------+--------+-----+--------+

Top non-repeatable levels by time:
  Lair:5: 1706 daAuts
     D:9: 1589 daAuts
  Lair:4: 1438 daAuts
     D:6: 1370 daAuts
   Orc:2: 1157 daAuts
    D:10: 1100 daAuts
  Lair:2: 1063 daAuts
  Lair:3: 1043 daAuts
     D:5: 954 daAuts
  Lair:1: 848 daAuts
     D:3: 821 daAuts
   Orc:1: 789 daAuts
     D:7: 657 daAuts
    D:11: 651 daAuts
     D:4: 626 daAuts
